AoeStats
← [CL] Al3jandr0.magn00

Enclosed

505677972Analyzed
1v1 RM · 22d ago on Sep 10, 2026· 56m 55s· 2 players
Game mode
Random Map
Map size
Tiny (2 player)
Population
200
Speed
Normal
Resources
Standard
Victory
Conquest
Starting age
Dark Age
Ending age
Imperial Age
RankedLock teamsTeams togetherTeam positionsShared explorationLock speedFull tech treeHidden civsTurbo modeCheats
Victory
Defeat
🇦🇷 Vietnamese · Argentina
1915
+10
🇵🇪 Berbers · Peru
1767
-10
LE | Dia franptom
6:50 Loom
9:30 Feudal Age
10:03 Double-Bit Axe
9:58 Horse Collar
13:59 Man-at-Arms
19:08 Castle Age
17:00 Gold Mining
17:30 Fletching
18:17 Bloodlines
20:08 Bow Saw
20:42 Wheelbarrow
22:22 Padded Archer Armor
24:21 Bodkin Arrow
26:33 Scale Barding Armor
27:10 Ballistics
28:38 Leather Archer Armor
30:27 Husbandry
30:41 Forging
38:55 Imperial Age
37:41 Chain Barding Armor
39:32 Iron Casting
39:45 Bracer
41:17 Plate Barding Armor
42:45 Chemistry
42:28 Ring Archer Armor
42:04 Cavalier
46:18 Iron Casting
45:55 Masonry
46:33 Elite Genitour
46:37 Crossbowman
47:46 Light Cavalry
50:01 Stone Mining
50:48 Conscription
52:04 Kasbah
52:05 Hussar
53:55 Pikeman
54:35 Squires
54:37 Scale Mail Armor
56:38 Blast Furnace
55:53 Chain Mail Armor
[CL] Al3jandr0.magn00
5:43 Loom
8:21 Feudal Age
8:55 Double-Bit Axe
8:50 Horse Collar
20:04 Castle Age
19:08 Fletching
19:20 Gold Mining
20:30 Bloodlines
20:54 Bodkin Arrow
21:44 Bow Saw
22:36 Wheelbarrow
22:26 Husbandry
23:43 Scale Barding Armor
26:20 Town Watch
26:31 Stone Mining
27:55 Ballistics
31:58 Town Patrol
33:07 Padded Archer Armor
37:14 Imperial Age
36:51 Heavy Plow
37:57 Bracer
38:59 Chemistry
39:14 Leather Archer Armor
39:46 Squires
39:51 Elite Fire Lancer
40:26 Pikeman
41:19 Scale Mail Armor
41:50 Ring Archer Armor
41:28 Elite Rattan Archer
43:43 Forging
44:43 Chain Mail Armor
45:53 Crop Rotation
46:51 Plate Mail Armor
46:57 Iron Casting
49:25 Paper Money
51:08 Capped Ram
52:35 Chain Barding Armor
Connection lost

Rejoining the realm…

Still unreachable

The connection could not be restored.

Session expired

The server has moved on; the page needs a fresh start.